 Dungeon Crawl Stone Soup version 0.24-a0-183-g8902462 (webtiles) character file.

Game seed: 11970535117634421382

11298 gruber the Thaumaturge (level 11, -5/86 HPs)
             Began as a Gnoll Warper on Mar 15, 2019.
             Was an Elder of Okawaru.
             Slain by a minotaur (28 damage)
             ... in a Gauntlet.
             The game lasted 00:21:14 (10998 turns).

gruber the Thaumaturge (Gnoll Warper)              Turns: 10998, Time: 00:21:15

Health: -5/86      AC: 15    Str:  8    XL:     11   Next: 75%
Magic:  2/7        EV: 23    Int: 23    God:    Okawaru [****..]
Gold:   258        SH:  8    Dex: 22    Spells: 18/26 levels left

rFire    . . .     SeeInvis .   S - +8 long sword of Raczoly {antimagic, Int+4}
rCold    . . .     Gourm    .   E - +0 buckler
rNeg     + + .     Faith    .   A - +3 leather armour {rPois}
rPois    +         Spirit   .   U - +4 hat of Resilience {rN+ rCorr Dex+2}
rElec    +         Reflect  .   D - +1 cloak
rCorr    +         Harm     .   L - +0 pair of gloves of the Postmodern Yaks {rN+}
MR       +....     NoTele   +   (no boots)
Stlth    +++++.....             B - amulet of Etaiclil {RegenMP rElec MR+ Str-5 Slay+3}
HPRegen  0.24/turn              p - +5 ring of slaying
MPRegen  0.35/turn              P - +5 ring of dexterity

@: heroism, finesse
A: distributed training, fangs 1, strong nose
a: Heroism, Renounce Religion


You were in a Gauntlet.
You worshipped Okawaru.
Okawaru was greatly pleased with you.
You were hungry.

You visited 3 branches of the dungeon, and saw 13 of its levels.
You also visited: Sewer and Gauntlet.

You collected 698 gold pieces.
You spent 440 gold pieces at shops.

Inventory:

Hand Weapons
 l - the +6 hand axe "Veuwka" {elec, *Noise rF+ rC+++ Dex-4, unknown}
   (You found it in a Gauntlet)

   Occasionally, upon striking a foe, it will discharge some electrical energy
   and cause terrible harm.
   It affects your dexterity (-4).
   It protects you from fire.
   It renders you almost immune to cold.
   It may make noises in combat.
 C - a +1 mace of crushing
 I - a +1 hand axe of venom
 S - the +8 long sword of Raczoly (weapon) {antimagic, Int+4}
   (You found it on level 10 of the Dungeon)

   It reduces the magical energy of the wielder, and disrupts the spells and
   magical abilities of those hit.
   Natural abilities and divine invocations are not affected.
   It affects your intelligence (+4).
Missiles
 e - 5 tomahawks of dispersal (quivered)
 K - 5 tomahawks
Armour
 y - the +2 chain mail of Anaesthesia {rElec rPois}
   (You found it on level 4 of the Dungeon)

   It insulates you from electricity.
   It protects you from poison.
 A - a +3 leather armour of poison resistance (worn)
 D - a +1 cloak (worn)
 E - a +0 buckler (worn)
 L - the +0 pair of gloves of the Postmodern Yaks (worn) {rN+}
   (You found it on level 8 of the Dungeon)

   It protects you from negative energy.
 U - the +4 hat of Resilience (worn) {rN+ rCorr Dex+2}
   (You found it in a Gauntlet)

   It affects your dexterity (+2).
   It protects you from negative energy.
   It provides partial protection from all sources of acid and corrosion.
Jewellery
 p - a +5 ring of slaying (left hand)
 u - an uncursed ring of resist corrosion {unknown}
 w - an uncursed ring of fire
 B - the amulet of Etaiclil (around neck) {RegenMP rElec MR+ Str-5 Slay+3}
   (You found it on level 5 of the Dungeon)

   [amulet of magic regeneration]

   It increases your magic regeneration.
   It affects your strength (-5).
   It affects your accuracy and damage with ranged weapons and melee attacks
   (+3).
   It insulates you from electricity.
   It affects your resistance to hostile enchantments.
 G - an uncursed amulet of rage {unknown}
 P - a +5 ring of dexterity (right hand)
Wands
 j - a wand of iceblast (13)
 x - a wand of disintegration (12)
 F - a wand of scattershot (5)
 M - a wand of flame (14)
 O - a wand of enslavement (7)
Scrolls
 b - 2 scrolls of fear
 c - a scroll of immolation {unknown}
 d - 2 scrolls of blinking
 i - 6 scrolls of fog
 k - 9 scrolls of teleportation
 m - 7 scrolls of remove curse
 n - 2 scrolls of random uselessness {unknown}
 s - 3 scrolls of enchant weapon
 H - a scroll of silence {unknown}
 N - a scroll of amnesia {unknown}
 R - a scroll of enchant armour
Potions
 a - a potion of brilliance
 g - a potion of haste
 h - 2 potions of lignification
 o - 5 potions of flight
 q - 5 potions of curing
 r - a potion of mutation {unknown}
 t - a potion of magic
 z - a potion of might
 J - a potion of agility
Miscellaneous
 Q - a phial of floods
Comestibles
 f - 16 rations


   Skills:
 + Level 8.0(13.0) Fighting
 + Level 6.5(11.5) Short Blades
 + Level 6.5(11.5) Long Blades
 + Level 6.5(11.5) Axes
 + Level 6.5(11.5) Maces & Flails
 + Level 8.0(13.0) Polearms
 + Level 6.5(11.5) Staves
 + Level 6.5(11.5) Slings
 + Level 6.5(11.5) Bows
 + Level 6.5(11.5) Crossbows
 + Level 7.0(12.0) Throwing
 + Level 7.0(12.0) Armour
 + Level 8.0(13.0) Dodging
 + Level 6.5(11.5) Stealth
 + Level 6.5(11.5) Shields
 + Level 6.5(11.5) Unarmed Combat
 + Level 8.3 Spellcasting
 + Level 5.3 Conjurations
 + Level 5.3 Hexes
 + Level 5.3 Charms
 + Level 5.3 Summonings
 + Level 5.3 Necromancy
 + Level 7.7 Translocations
 + Level 5.3 Transmutations
 + Level 5.3 Fire Magic
 + Level 5.3 Ice Magic
 + Level 5.3 Air Magic
 + Level 5.3 Earth Magic
 + Level 5.3 Poison Magic
 + Level 7.1 Invocations
 + Level 6.5 Evocations


You had 18 spell levels left.
You knew the following spells:

 Your Spells              Type           Power        Failure   Level  Hunger
a - Blink                 Tloc           N/A          1%          2    None
b - Shroud of Golubria    Chrm/Tloc      #####.....   1%          2    None
c - Passage of Golubria   Tloc           N/A          3%          4    ##.....

Your spell library contained the following spells:

 Spells                   Type           Power        Failure   Level  Hunger
 Magic Dart               Conj           ####         1%          1    None
 Summon Small Mammal      Summ           ####         1%          1    None
 Call Imp                 Summ           ####....     1%          2    None
 Searing Ray              Conj           ####..       1%          2    None
 Gell's Gravitas          Tloc           #####.....   1%          3    None
 Lesser Beckoning         Tloc           #####.....   1%          3    None
 Teleport Other           Tloc           #####...     1%          3    None
 Call Canine Familiar     Summ           ####....     2%          3    None
 Dazzling Spray           Conj/Hex       ####..       2%          3    None
 Summon Guardian Golem    Hex/Summ       ####....     2%          3    None
 Force Lance              Conj/Tloc      #####...     6%          4    ##.....
 Fulminant Prism          Conj/Hex       ####......   10%         4    ##.....
 Iskenderun's Mystic Bla  Conj           ####....     10%         4    ##.....
 Summon Ice Beast         Ice/Summ       ####....     10%         4    ##.....
 Summon Lightning Spire   Summ/Air       ####....     10%         4    ##.....


Dungeon Overview and Level Annotations

Branches:
Dungeon (11/15)            Temple (1/1) D:6            Lair (1/6) D:8
    Orc (0/2) D:10

Altars:
Ashenzari
Cheibriados
Elyvilon
Fedhas
Gozag
Kikubaaqudgha
Nemelex Xobeh
Okawaru
Ru
Sif Muna
Uskayaw
Vehumet
Wu Jian
Xom
Yredelemnul
Zin

Shops:
D:4 }

Annotations:
D:8 Gastronok Gauntlet 10 transporters


Innate Abilities, Weirdness & Mutations

Your experience applies equally to all skills.
You have very sharp teeth.
Your uncanny sense of smell can sniff out nearby items.


Message History

* * * LOW HITPOINT WARNING * * *
You block the minotaur's attack.
You hit the minotaur but do no damage.
The minotaur is moderately wounded.
The minotaur barely misses you.
You riposte.
You slash the minotaur!
The minotaur is moderately wounded.
The minotaur closely misses you.
You hit the minotaur but do no damage.
The minotaur is moderately wounded.
You hit the minotaur.
The minotaur is heavily wounded.
The minotaur completely misses you.
The minotaur gores you but does no damage.
You slash the minotaur!
The minotaur is severely wounded.
You are feeling hungry.
You hit the minotaur.
The minotaur is severely wounded.
The minotaur hits you!!
You die...

.####.8.# .#©.....#
.####.8.# .#..#...#
########## ##..#.8.#
#........#
...≈#...####.######.#
...∩#.8....#.#∆ .#.#
...≈#...##.#.####H#.#
##..#.8.##.#...(@.#.#
.#..#...##.########.#
.####.8.##..........#
.#©.....#############
.####.8.# .#..#..§#
.#..#≈8§# .#..#####
.#..#


You could see a minotaur.

Vanquished Creatures
  A blizzard demon (Gauntlet)
  A tengu warrior (Gauntlet)
  A sixfirhy (Gauntlet)
  2 ugly things (D:10)
  An elephant (D:8)
  A gargoyle (D:10)
  2 ice devils (Gauntlet)
  A komodo dragon (Lair:1)
  A tengu conjurer (Gauntlet)
  2 hippogriffs
  3 blink frogs (Lair:1)
  Sigmund (D:3)
  8 yaks
  A basilisk (Lair:1)
  A human (D:7)
  A hungry ghost (D:10)
  3 hogs (D:7)
  A steam dragon (D:10)
  Edmund (D:4)
  2 sky beasts (D:7)
  An ice beast (D:8)
  A black bear (D:10)
  A phantom (D:5)
  2 ogres
  6 centaurs
  2 crocodiles (D:8)
  2 big kobolds
  4 bullfrogs
  A wyvern skeleton (D:7)
  6 scorpions
  A water moccasin skeleton (D:9)
  4 killer bees (D:10)
  3 wights (D:6)
  4 howler monkeys
  4 crimson imps
  Crazy Yiuf (D:5)
  7 orc wizards
  2 jellies (D:10)
  5 orc priests
  2 centaur skeletons
  5 hounds
  3 iguanas
  8 worker ants
  A hound skeleton (D:9)
  A hound zombie (D:10)
  A worker ant zombie (D:10)
  12 adders
  A gnoll (D:1)
  A shadow imp (D:6)
  4 ufetubi (Gauntlet)
  5 oozes (Sewer)
  3 adder zombies
  9 worms
  2 dart slugs (D:2)
  6 leopard geckos
  20 orcs
  12 bats
  7 giant cockroaches
  4 hobgoblins
  14 jackals
  3 quokkas
  6 frilled lizards
  4 goblins
  17 kobolds
  A quokka skeleton (D:7)
  8 rats
  2 rat zombies (D:6)
  A fungus (D:8)
255 creatures vanquished.

Vanquished Creatures (others)
  11 demonic plants (Gauntlet)
  8 fungi (Gauntlet)
  5 plants (Gauntlet)
24 creatures vanquished.

Grand Total: 279 creatures vanquished

Notes
Turn   | Place    | Note
-------+----------+-------------------------------------------
     0 | D:1      | gruber the Gnoll Warper began the quest for the Orb.
     0 | D:1      | Reached XP level 1. HP: 20/20 MP: 6/6
   169 | D:1      | Reached XP level 2. HP: 26/26 MP: 7/7
   177 | D:1      | Learned a level 2 spell: Blink
   180 | D:1      | Learned a level 2 spell: Shroud of Golubria
   431 | D:1      | Reached XP level 3. HP: 31/31 MP: 9/9
   775 | D:2      | Reached skill level 5 in Spellcasting
  1029 | D:2      | You fall through a shaft!
  1080 | D:2      | Found a snail-covered altar of Cheibriados.
  1236 | D:2      | Reached skill level 1 in Invocations
  1334 | D:2      | Reached skill level 1 in Short Blades
  1334 | D:2      | Reached skill level 1 in Long Blades
  1334 | D:2      | Reached skill level 1 in Axes
  1334 | D:2      | Reached skill level 1 in Maces & Flails
  1334 | D:2      | Reached skill level 1 in Staves
  1334 | D:2      | Reached skill level 1 in Slings
  1334 | D:2      | Reached skill level 1 in Bows
  1334 | D:2      | Reached skill level 1 in Crossbows
  1334 | D:2      | Reached skill level 1 in Stealth
  1334 | D:2      | Reached skill level 1 in Shields
  1334 | D:2      | Reached skill level 1 in Unarmed Combat
  1334 | D:2      | Reached skill level 1 in Evocations
  1334 | D:2      | Reached XP level 4. HP: 34/38 MP: 11/11
  1800 | D:3      | Found an ornate altar of the Wu Jian Council.
  1891 | D:3      | Found a sacrificial altar of Ru.
  1892 | D:3      | Noticed Sigmund
  1902 | D:3      | Killed Sigmund
  1902 | D:3      | Reached skill level 1 in Conjurations
  1902 | D:3      | Reached skill level 1 in Hexes
  1902 | D:3      | Reached skill level 1 in Charms
  1902 | D:3      | Reached skill level 1 in Summonings
  1902 | D:3      | Reached skill level 1 in Necromancy
  1902 | D:3      | Reached skill level 1 in Transmutations
  1902 | D:3      | Reached skill level 1 in Fire Magic
  1902 | D:3      | Reached skill level 1 in Ice Magic
  1902 | D:3      | Reached skill level 1 in Air Magic
  1902 | D:3      | Reached skill level 1 in Earth Magic
  1902 | D:3      | Reached skill level 1 in Poison Magic
  1902 | D:3      | Reached XP level 5. HP: 34/43 MP: 12/12
  1902 | D:3      | Reached XP level 6. HP: 40/50 MP: 13/13
  2512 | D:4      | Found a shimmering altar of Xom.
  2512 | D:4      | Found a deep blue altar of Sif Muna.
  2512 | D:4      | Found a sacrificial altar of Ru.
  2528 | D:4      | Got a brightly glowing chain mail
  2546 | D:4      | Reached skill level 5 in Fighting
  2546 | D:4      | Reached skill level 5 in Polearms
  2546 | D:4      | Reached skill level 5 in Dodging
  2697 | D:4      | Found Uthas's Gadget Boutique.
  2742 | D:4      | Found a glowing drain.
  2746 | Sewer    | Entered a sewer
  2933 | Sewer    | Reached XP level 7. HP: 56/56 MP: 15/15
  3698 | D:4      | Noticed Edmund
  3714 | D:4      | Killed Edmund
  3729 | D:4      | Identified the +2 chain mail of Anaesthesia {rElec rPois}
                  | (You found it on level 4 of the Dungeon)
  4057 | D:5      | Entered Level 5 of the Dungeon
  4230 | D:5      | Got a serpentine copper amulet
  4231 | D:5      | Identified the amulet of Etaiclil {RegenMP rElec MR+ Str-5
                  | Slay+3} (You found it on level 5 of the Dungeon)
  4313 | D:5      | Found a white marble altar of Elyvilon.
  4359 | D:5      | Found a runed translucent door.
  4360 | D:5      | Noticed Crazy Yiuf
  4409 | D:5      | Killed Crazy Yiuf
  4519 | D:5      | Reached XP level 8. HP: 47/63 MP: 16/16
  5119 | D:6      | Found a staircase to the Ecumenical Temple.
  5172 | Temple   | Entered the Ecumenical Temple
  5199 | Temple   | Became a worshipper of Warmaster Okawaru
  5829 | D:6      | Found an ancient bone altar of Kikubaaqudgha.
  5924 | D:6      | Found a basalt altar of Yredelemnul.
  6513 | D:7      | Noticed a yak
  6534 | D:7      | Reached XP level 9. HP: 45/69 MP: 18/18
  6673 | D:7      | Reached * piety under Okawaru
  6993 | D:7      | Reached skill level 5 in Throwing
  6993 | D:7      | Reached skill level 5 in Armour
  7246 | D:8      | Got a pair of smoking gloves
  7247 | D:8      | Identified the +0 pair of gloves of the Postmodern Yaks
                  | {rN+} (You found it on level 8 of the Dungeon)
  7267 | D:8      | Found a staircase to the Lair.
  7268 | D:8      | Noticed an elephant
  7301 | D:8      | Killed an elephant
  7301 | D:8      | Reached ** piety under Okawaru
  7301 | D:8      | Reached skill level 5 in Invocations
  7452 | D:8      | Reached XP level 10. HP: 71/77 MP: 20/20
  7621 | D:8      | Noticed Gastronok
  7627 | D:8      | Learned a level 4 spell: Passage of Golubria
  7974 | D:9      | Found a shattered altar of Ashenzari.
  7980 | D:9      | Reached skill level 5 in Short Blades
  7980 | D:9      | Reached skill level 5 in Long Blades
  7980 | D:9      | Reached skill level 5 in Axes
  7980 | D:9      | Reached skill level 5 in Maces & Flails
  7980 | D:9      | Reached skill level 5 in Staves
  7980 | D:9      | Reached skill level 5 in Slings
  7980 | D:9      | Reached skill level 5 in Bows
  7980 | D:9      | Reached skill level 5 in Crossbows
  7980 | D:9      | Reached skill level 5 in Stealth
  7980 | D:9      | Reached skill level 5 in Shields
  7980 | D:9      | Reached skill level 5 in Unarmed Combat
  7980 | D:9      | Reached skill level 5 in Evocations
  8418 | D:9      | Found a sparkling altar of Nemelex Xobeh.
  8427 | D:9      | Reached *** piety under Okawaru
  8482 | D:10     | Entered Level 10 of the Dungeon
  8483 | D:10     | Noticed a cyan ugly thing
  8501 | D:10     | Killed a cyan ugly thing
  8700 | D:10     | Noticed a gargoyle
  8722 | D:10     | Killed a gargoyle
  8981 | D:10     | Found Xitzaung's Magic Scroll Shop.
  8991 | D:10     | Received a gift from Okawaru
  9024 | D:10     | Bought a scroll of enchant weapon for 75 gold pieces
  9024 | D:10     | Bought a scroll of enchant armour for 75 gold pieces
  9024 | D:10     | Bought a scroll of remove curse for 30 gold pieces
  9024 | D:10     | Bought a scroll of fog for 20 gold pieces
  9024 | D:10     | Bought a scroll of identify for 20 gold pieces
  9024 | D:10     | Bought a scroll of identify for 20 gold pieces
  9024 | D:10     | Bought a scroll of identify for 20 gold pieces
  9024 | D:10     | Bought a scroll of identify for 20 gold pieces
  9024 | D:10     | Bought a scroll of identify for 20 gold pieces
  9024 | D:10     | Bought a scroll of teleportation for 30 gold pieces
  9024 | D:10     | Bought a scroll of teleportation for 30 gold pieces
  9024 | D:10     | Bought a scroll of teleportation for 30 gold pieces
  9024 | D:10     | Bought a scroll of teleportation for 30 gold pieces
  9024 | D:10     | Bought a scroll of fog for 20 gold pieces
  9040 | D:10     | Found a staircase to the Orcish Mines.
  9059 | D:10     | Got a slimy long sword
  9060 | D:10     | Identified the +8 long sword of Raczoly {antimagic, Int+4}
                  | (You found it on level 10 of the Dungeon)
  9098 | D:10     | Reached XP level 11. HP: 79/84 MP: 7/22
  9111 | D:10     | Noticed a white ugly thing
  9407 | D:10     | Received a gift from Okawaru
  9655 | D:10     | Killed a white ugly thing
  9889 | D:11     | Noticed a seven-headed hydra
  9931 | Lair:1   | Entered Level 1 of the Lair of Beasts
  9955 | Lair:1   | Found a gate leading to a gauntlet.
  9966 | Lair:1   | Reached **** piety under Okawaru
  9966 | Lair:1   | Reached skill level 5 in Conjurations
  9966 | Lair:1   | Reached skill level 5 in Hexes
  9966 | Lair:1   | Reached skill level 5 in Charms
  9966 | Lair:1   | Reached skill level 5 in Summonings
  9966 | Lair:1   | Reached skill level 5 in Necromancy
  9966 | Lair:1   | Reached skill level 5 in Transmutations
  9966 | Lair:1   | Reached skill level 5 in Fire Magic
  9966 | Lair:1   | Reached skill level 5 in Ice Magic
  9966 | Lair:1   | Reached skill level 5 in Air Magic
  9966 | Lair:1   | Reached skill level 5 in Earth Magic
  9966 | Lair:1   | Reached skill level 5 in Poison Magic
  9999 | Gauntlet | Entered a Gauntlet
  9999 | Gauntlet | Found a transporter.
  9999 | Gauntlet | Found a transporter.
 10004 | Gauntlet | Found a transporter.
 10004 | Gauntlet | Found a transporter.
 10021 | Gauntlet | Found a transporter.
 10037 | Gauntlet | Found a transporter.
 10051 | Gauntlet | Found a transporter.
 10051 | Gauntlet | Noticed a moth of wrath
 10053 | Gauntlet | Found a transporter.
 10065 | Gauntlet | Found a transporter.
 10065 | Gauntlet | Noticed an orb spider
 10066 | Gauntlet | Noticed a blizzard demon
 10099 | Gauntlet | Found a transporter.
 10106 | Gauntlet | Found a transporter.
 10106 | Gauntlet | Noticed a cyclops
 10106 | Gauntlet | a jumping spider changed into a cyclops
 10110 | Gauntlet | Noticed a sixfirhy
 10112 | Gauntlet | Noticed a death drake
 10112 | Gauntlet | a redback changed into a death drake
 10114 | Gauntlet | a death drake changed into an eye of devastation
 10134 | Gauntlet | Noticed a tengu warrior
 10135 | Gauntlet | Found a transporter.
 10138 | Gauntlet | Noticed a two-headed ogre
 10138 | Gauntlet | an eye of devastation changed into a two-headed ogre
 10194 | Gauntlet | Found a transporter.
 10216 | Gauntlet | Found a transporter.
 10216 | Gauntlet | Noticed a queen ant
 10341 | Gauntlet | Found a transporter.
 10356 | Gauntlet | Found a transporter.
 10471 | Gauntlet | Killed a tengu warrior
 10548 | Gauntlet | Noticed a salamander
 10569 | Gauntlet | Killed a sixfirhy
 10585 | Gauntlet | Noticed a harpy
 10585 | Gauntlet | a basilisk changed into a harpy
 10587 | Gauntlet | Noticed a manticore
 10587 | Gauntlet | a salamander changed into a manticore
 10591 | Gauntlet | Got a jewelled hand axe
 10607 | Gauntlet | a harpy changed into a golden eye
 10680 | Gauntlet | Killed a blizzard demon
 10680 | Gauntlet | Reached ***** piety under Okawaru
 10680 | Gauntlet | Received a gift from Okawaru
 10697 | Gauntlet | Got a fine hat
 10708 | Gauntlet | Identified the +4 hat of Resilience {rN+ rCorr Dex+2} (You
                  | found it in a Gauntlet)
 10985 | Gauntlet | Noticed a minotaur
 10998 | Gauntlet | Slain by a minotaur

Levels and vault maps discovered:
D:1:      dpeg_arrival_another_circle, layout_basic
D:2:      layout_loops_corners, overflow_temple_1_default, minivault_4,
          kennysheep_crisscross
D:3:      layout_rooms, nicolae_overflow_crystal_walls, nicolae_ru_awakened_eye,
          uniq_sigmund
D:4:      layout_loops_cross, chequers_temple_overflow_statue_of_worship,
          first_ration, gup_sewer_entry_bowl, serial_shops, shop,
          roderic_lattice_a, fountainhead, uniq_edmund
D:5:      layout_layer_cave, lemuel_coloured_pillars_altar,
          uniq_crazy_yiuf_cottage
D:6:      layout_basic, kennysheep_little_box,
          lemuel_zombie_altar_kikubaaqudgha, temple_fountains
D:7:      layout_basic, grunt_livestock
D:8:      layout_loops_cross, david_lair_generic, uniq_gastronok
D:9:      layout_basic, lemuel_crystal_altar, nemelex_xobeh_ov_fountains_minmay
D:10:     layout_rooms, orc_0_dummy, serial_shops, nicolae_shop_trees
D:11:     layout_cave_pools, serial_glass, glass_columns_b, glass_columns_c,
          fedhas_altar_fruit_tree
Temple:   dshaligram_water_room_temple
Lair:1:   layout_regular_city, gauntlet_entry_generic, patterned_corridor,
          minmay_lair_oklob_chamber, grunt_megastairs_4
Sewer:    sewer_fruit_machine
Gauntlet: gammafunk_gauntlet_branching [gammafunk_gauntlet_arena_split_diamond,
          gammafunk_gauntlet_arena_split_x, nicolae_gauntlet_arena_quarters,
          gammafunk_gauntlet_arena_arrow_garden,
          gammafunk_gauntlet_arena_hedges, gammafunk_gauntlet_arena_crates,
          nicolae_gauntlet_arena_t_cross, gammafunk_gauntlet_arena_teeth,
          gauntlet_exit_spiral]

Skill      XL: |  1  2  3  4  5  6  7  8  9 10 11 |
---------------+----------------------------------+-----
Spellcasting   | 5 6 7 8 |  8.3
Invocations    | 1 2 3 4 5 6 7 |  7.1
Short Blades   | 1 2 3 4 5 6 |  6.5
Long Blades    | 1 2 3 4 5 6 |  6.5
Axes           | 1 2 3 4 5 6 |  6.5
Maces & Flails | 1 2 3 4 5 6 |  6.5
Staves         | 1 2 3 4 5 6 |  6.5
Slings         | 1 2 3 4 5 6 |  6.5
Bows           | 1 2 3 4 5 6 |  6.5
Crossbows      | 1 2 3 4 5 6 |  6.5
Stealth        | 1 2 3 4 5 6 |  6.5
Shields        | 1 2 3 4 5 6 |  6.5
Unarmed Combat | 1 2 3 4 5 6 |  6.5
Evocations     | 1 2 3 4 5 6 |  6.5
Throwing       | 3 4 5 6 7 |  7.0
Armour         | 3 4 5 6 7 |  7.0
Conjurations   | 1 2 3 4 5 |  5.3
Hexes          | 1 2 3 4 5 |  5.3
Charms         | 1 2 3 4 5 |  5.3
Summonings     | 1 2 3 4 5 |  5.3
Necromancy     | 1 2 3 4 5 |  5.3
Transmutations | 1 2 3 4 5 |  5.3
Fire Magic     | 1 2 3 4 5 |  5.3
Ice Magic      | 1 2 3 4 5 |  5.3
Air Magic      | 1 2 3 4 5 |  5.3
Earth Magic    | 1 2 3 4 5 |  5.3
Poison Magic   | 1 2 3 4 5 |  5.3
Fighting       | 5 6 7 8 |  8.0
Polearms       | 5 6 7 8 |  8.0
Dodging        | 5 6 7 8 |  8.0
Translocations | 6 7 |  7.7

Action                   |  1- 3 |  4- 6 |  7- 9 | 10-12 || total
-------------------------+-------+-------+-------+-------++-------
Melee: Short sword       |    66 |   113 |   135 |       ||   314
       Spear             |     5 |       |       |       ||     5
       Bite              |    11 |    11 |    29 |    28 ||    79
       Punch             |     1 |     1 |       |       ||     2
       Hand axe          |       |       |   131 |   177 ||   308
       Long sword        |       |       |       |   105 ||   105
 Cast: Shroud of Golubri |       |       |     3 |     4 ||     7
       Blink             |       |       |     2 |     4 ||     6
       Passage of Golubr |       |       |       |     1 ||     1
Invok: Heroism           |       |       |     1 |     8 ||     9
       Finesse           |       |       |       |     1 ||     1
Evoke: Wand              |       |       |       |     1 ||     1
  Use: Scroll            |       |     1 |     4 |    10 ||    15
       Potion            |       |       |       |     2 ||     2
 Stab: Sleeping          |     4 |     3 |    10 |     6 ||    23
  Eat: Chunk             |     1 |     5 |     5 |     9 ||    20
       Ration            |       |       |     3 |     1 ||     4
Armor: Leather armour    |    20 |    28 |    69 |    75 ||   192
Dodge: Dodged            |    37 |   102 |   114 |   201 ||   454
Block: Buckler           |       |       |    36 |    71 ||   107
       Rpst.: Long sword |       |       |       |    19 ||    19

Table legend:
 A = Non-vault XP
 B = Vault XP
 C = Vault XP percentage of total XP
 D = Non-vault monster count
 E = Vault monster count
 F = Vault count percentage of total count
                 A         B        C        D         E       F
            +---------+---------+-------+---------+---------+-------
      Total |    9995 |    6145 |  38.1 |     199 |      55 |  21.7
            +---------+---------+-------+---------+---------+-------
        D:1 |      37 |       0 |   0.0 |      16 |       0 |   0.0
        D:2 |      68 |       0 |   0.0 |      18 |       0 |   0.0
        D:3 |     109 |     212 |  66.0 |      14 |       1 |   6.7
        D:4 |     315 |     168 |  34.8 |      11 |       4 |  26.7
        D:5 |     539 |      44 |   7.5 |      17 |       1 |   5.6
        D:6 |     234 |       2 |   0.8 |       5 |       2 |  28.6
        D:7 |     785 |     987 |  55.7 |      24 |       5 |  17.2
        D:8 |     937 |     947 |  50.3 |      23 |       4 |  14.8
        D:9 |    1536 |       0 |   0.0 |      21 |       0 |   0.0
       D:10 |    4135 |       0 |   0.0 |      45 |       0 |   0.0
     Lair:1 |    1300 |       0 |   0.0 |       5 |       0 |   0.0
      Sewer |       0 |      87 | 100.0 |       0 |      28 | 100.0
   Gauntlet |       0 |    3698 | 100.0 |       0 |      10 | 100.0
            +---------+---------+-------+---------+---------+-------
